[Event "Late-Titled-Tuesday-Blitz-September-26-2023"]
[Site "Chess.com"]
[Date "2023.09.26"]
[Round "4"]
[White "AlexandraBotez"]
[Black "Chessbard1972"]
[Result "0-1"]
[WhiteElo "2229"]
[BlackElo "2375"]
[TimeControl "180+1"]
[EndTime "14:38:11 PDT"]
[Termination "Chessbard1972 won by resignation"]

1. d4 Nf6 2. c4 g6 3. Nc3 Bg7 4. e4 d6 5. f3 O-O 6. Be3 Nbd7 7. Qd2 Re8 8. Nge2 c5 9. g3 cxd4 10. Nxd4 Ne5 11. b3 a6 12. Bg2 Bd7 13. O-O Rc8 14.
Rac1 Nc6 15. Nd5 Nxd4 16. Bxd4 Nxd5 17. exd5 e5 18. Be3 f5 19. Qb4 Qc7 20. Bb6 Qb8 21. Rfe1 Rf8 22. Bh3 Rce8 23. c5 dxc5 24. Bxc5 Rf7 25.
Bd6 Qd8 26. Bc7 Qg5 27. f4 Qh5 28. Bg2 e4 29. Qxb7 Bb5 30. d6 Bd4+ 31. Kh1 Bf2 32. h3 Bxg3 33. Red1 Bxf4 34. d7 Bxd7 35.
Bxf4 Bb5 36. Qd5 Be2 37. Rc7 Rf8 38. Rxf7 Rxf7 39. Rc1 Bf3 40. Be5 Qxh3+ 0-1

[Event "Late-Titled-Tuesday-Blitz-September-26-2023"]
[Site "Chess.com"]
[Date "2023.09.26"]
[Round "4"]
[White "acertijo08"]
[Black "Journey_to_GrandMaster_YT"]
[Result "1-0"]
[WhiteElo "2398"]
[BlackElo "2604"]
[TimeControl "180+1"]
[EndTime "14:38:15 PDT"]
[Termination "acertijo08 won on time"]

1. e4 d6 2. d4 Nf6 3. Nc3 e5 4. Nf3 Nbd7 5. Bc4 Be7 6. O-O O-O 7. Re1 c6 8. a4 a5 9. b3 exd4 10. Nxd4 Ne5 11. Bf1 Re8 12. Bb2 Qb6 13. h3 Bf8 14. Kh1 Ng6 15. Qd2 Bd7 16. f4 Rad8 17. Rad1 Bc8 18.
Nf3 Nh5 19. f5 Ng3+ 20. Kh2 Nxf1+ 21. Rxf1 Ne5 22. Ne2 f6 23. Nf4 Nc4 24. bxc4 Qxb2 25. Qd3 Qb4 26. Nd4 Qxa4 27. Nde6 Bxe6 28. Nxe6 Ra8 29.
Ra1 Qb4 30. Rfb1 Qxb1 31. Rxb1 Reb8 32. Nxf8 Kxf8 33. Qxd6+ Kg8 34. e5 fxe5 35. f6 gxf6 36. Qxf6 Rf8 37. Qe6+ Rf7 38. Rxb7 Rf8 39. Rxf7 Rxf7 40.
Qxe5 a4 41. Qa5 Kg7 42. Qxa4 Rf5 43. Qxc6 Rf6 44. Qd7+ Kg6 45. c5 Rf7 46. c6 1-0

[Event "Late-Titled-Tuesday-Blitz-September-26-2023"]
[Site "Chess.com"]
[Date "2023.09.26"]
[Round "4"]
[White "NigelDwarf"]
[Black "Sacbutt"]
[Result "1-0"]
[WhiteElo "2541"]
[BlackElo "2269"]
[TimeControl "180+1"]
[EndTime "14:38:15 PDT"]
[Termination "NigelDwarf won on time"]

1. Nf3 b6 2. c4 Bb7 3. Nc3 e6 4. e4 Bb4 5. Qc2 d6 6. d4 Bxc3+ 7. bxc3 Nf6 8. Bd3 h6 9. O-O O-O 10. Be3 c5 11. d5 Nbd7 12. Nd2 Ne5 13. h3 Nxd3 14.
Qxd3 exd5 15. cxd5 Re8 16. f3 Nd7 17. Bf4 Ne5 18. Bxe5 dxe5 19. a4 Qg5 20. a5 b5 21.
a6 Bc8 22. Kh2 Bd7 23. c4 Rab8 24. Rab1 b4 25. Nb3 Rec8 26. Ra1 Rb6 27. Ra5 Rg6 28.
g4 Qf4+ 29. Kg2 h5 30. Qd2 hxg4 31. Qxf4 gxh3+ 32. Kh1 exf4 33. Rxc5 Rxa6 34. Rxc8+ Bxc8 35. c5 Ra3 36. Nd4 b3 37. Rb1 Kf8 38. d6 Bd7 39. c6 Bxc6 40. Nxc6 Ra6 41. d7 1-0

[Event "Late-Titled-Tuesday-Blitz-September-26-2023"]
[Site "Chess.com"]
[Date "2023.09.26"]
[Round "4"]
[White "KVAIDAN"]
[Black "PapaieDudu"]
[Result "0-1"]
[WhiteElo "2263"]
[BlackElo "2414"]
[TimeControl "180+1"]
[EndTime "14:38:16 PDT"]
[Termination "PapaieDudu won by resignation"]

1. f4 d5 2. Nf3 Nf6 3. e3 c5 4.
b3 Nc6 5. Bb2 d4 6. Bd3 Bg4 7. O-O a6 8. h3 Be6 9. Ng5 Bd7 10. e4 h6 11. Nf3 e6 12. a4 Nb4 13.
e5 Nxd3 14. exf6 Nxb2 15. Qc1 Qxf6 16. Qxb2 Qxf4 17. b4 b6 18. bxc5 bxc5 19. Qb7 Rb8 20. Qxa6 Bd6 21. d3 O-O 22. Nbd2 f5 23. Nc4 Bc7 24. Rae1 Ra8 25. Nfe5 Qxf1+ 26. Rxf1 Rxa6 27. Nxd7 Rd8 28. Nxc5 Rc6 29. Nb3 e5 30. Rxf5 e4 31. Kf2 g6 32. Rb5 Rf8+ 33. Ke2 Bg3 34. dxe4 Rxc4 35.
Kd3 Rxa4 36. e5 Rd8 37. e6 Bd6 38. Rb6 Be7 39. Rb7 Bf6 40. Nc5 Ra3+ 41. Kd2 Re3 42.
Rb6 Be7 43. Nd7 Re4 44. Kd3 Re1 45. g4 Rd1+ 46. Ke4 Rc1 47. Rc6 Rd1 48. Ne5 Re8 49. Nxg6 Bg5 50. Kd5 d3 51. Rc3 dxc2+ 52. Kc6 c1=Q 53.
Ne7+ Rxe7 54. Rc5 Qxc5+ 55. Kxc5 Rd8 56. Kc6 Rde8 57. Kd5 Rxe6 58. Kd4 Re3 59. h4 Bxh4 0-1

[Event "Late-Titled-Tuesday-Blitz-September-26-2023"]
[Site "Chess.com"]
[Date "2023.09.26"]
[Round "4"]
[White "dedpihto_v_kozhanom_palto"]
[Black "Herman-NY"]
[Result "1-0"]
[WhiteElo "2691"]
[BlackElo "2504"]
[TimeControl "180+1"]
[EndTime "14:38:17 PDT"]
[Termination "dedpihto_v_kozhanom_palto won by resignation"]

1. c4 Nf6 2. Nc3 g6 3. e4 d6 4.
d4 Bg7 5. f4 O-O 6. Nf3 Na6 7.
Bd3 e5 8. fxe5 dxe5 9. d5 Ne8 10. O-O Nc5 11. Bc2 a5 12. Be3 b6 13. Qd2 Nd6 14.
b3 Bg4 15. Bh6 Bxf3 16. Rxf3 f6 17. Bxg7 Kxg7 18. Raf1 Qe7 19. Qe2 Rf7 20. h3 Raf8 21. g4 Rh8 22. Rg3 Rhf8 23. a3 Ra8 24. Kh2 Kh8 25.
Rgf3 Nd7 26. b4 axb4 27. axb4 Nb7 28. Rb1 Nd6 29. Bd3 g5 30. Rff1 Nf8 31. c5 Ne8 32. d6 cxd6 33. c6 Ng6 34. Nd5 Qd8 35. Ra1 Nf4 36.
Qe3 Rxa1 37. Rxa1 Nc7 38. Qxb6 Nfxd5 39. exd5 f5 40. Bxf5 e4 41. Qd4+ Kg8 42. Qxe4 Qf6 43. Ra2 Re7 44. Be6+ Nxe6 45. dxe6 Rxe6 46. Qf5 Qe5+ 47.
Qxe5 1-0

[Event "Late-Titled-Tuesday-Blitz-September-26-2023"]
[Site "Chess.com"]
[Date "2023.09.26"]
[Round "4"]
[White "DonkyDonkyDonkey"]
[Black "Jaka_Brilej"]
[Result "1/2-1/2"]
[WhiteElo "2749"]
[BlackElo "2522"]
[TimeControl "180+1"]
[EndTime "14:38:18 PDT"]
[Termination "Game drawn by repetition"]

1. d4 d5 2. Nc3 Nf6 3. Bf4 e6 4. Nb5 Na6 5. e3 Be7 6. Nf3 O-O 7. Bd3 c6 8. Nc3 c5 9. O-O c4 10. Be2 Bb4 11. Nd2 Bd6 12. Bxd6 Qxd6 13. e4 dxe4 14. Ndxe4 Nxe4 15. Nxe4 Qc6 16. Bf3 Qc7 17. c3 Rb8 18.
a4 b6 19. Qe2 Bb7 20. h3 Rbc8 21. Nd2 Bxf3 22. Nxf3 Nb8 23. Rfd1 Rfd8 24. Qe4 Nd7 25. Ne5 Nxe5 26. dxe5 h6 27. f4 Qc5+ 28. Kf1 g6 29.
Ke2 Qc7 30. h4 h5 31. Kf3 Rxd1 32. Rxd1 Rd8 33. Rxd8+ Qxd8 34. Kg3 Qd2 35. Qxc4 Qxb2 36. Qd4 Qe2 37. Qd8+ Kg7 38. Qf6+ Kg8 39. Kh2 Qe3 40.
Qd8+ Kg7 41. Qf6+ Kg8 42. c4 Qe4 43. Qd8+ Kg7 44. Qf6+ Kg8 45. Qd8+ Kg7 46. Qf6+ Kg8 1/2-1/2

[Event "Late-Titled-Tuesday-Blitz-September-26-2023"]
[Site "Chess.com"]
[Date "2023.09.26"]
[Round "4"]
[White "emeli_chess"]
[Black "Alphafischer2019"]
[Result "0-1"]
[WhiteElo "2360"]
[BlackElo "2581"]
[TimeControl "180+1"]
[EndTime "14:38:20 PDT"]
[Termination "Alphafischer2019 won by resignation"]

1. d4 Nf6 2. c4 c5 3. d5 e5 4. Nc3 d6 5. e4 g6 6. g3 Bg7 7.
Bg2 O-O 8. Nge2 a6 9. a4 h6 10.
O-O Nbd7 11. f4 exf4 12. gxf4 Re8 13. Ng3 Nf8 14. e5 dxe5 15. f5 e4 16. Be3 Qb6 17. Ra3 Qb4 18. Ncxe4 Nxe4 19. Nxe4 Bxf5 20. Bxc5 Qxb2 21.
Rb3 Qa2 22. Nd6 Re2 23. Rg3 Be5 24. Rf2 Rxf2 25. Bxf2 Bxd6 26. Rb3 Bc2 27. Qd2 Qxb3 28. Qxh6 Qb1+ 29. Bf1 Be5 30. Qe3 Bg7 31. Be1 Nd7 32. Kg2 Be4+ 33. Kh3 Nf6 34. Bc3 Bf5+ 35. Kg2 Qe4+ 36.
Qxe4 Nxe4 37. Bb4 Rc8 38. Be2 Bf8 39. Be1 Nd6 40. Bf3 Nxc4 0-1

[Event "Late-Titled-Tuesday-Blitz-September-26-2023"]
[Site "Chess.com"]
[Date "2023.09.26"]
[Round "4"]
[White "Korchmar_Vasiliy"]
[Black "GadimbayliA"]
[Result "1-0"]
[WhiteElo "2688"]
[BlackElo "2841"]
[TimeControl "180+1"]
[EndTime "14:38:21 PDT"]
[Termination "Korchmar_Vasiliy won by resignation"]

1. e4 e5 2. Nf3 d5 3. d4 dxe4 4. Nxe5 Bd6 5. Bc4 Bxe5 6. dxe5 Qxd1+ 7. Kxd1 Nc6 8. Bf4 Nge7 9. e6 Bxe6 10. Bxe6 fxe6 11. Nc3 O-O-O+ 12. Kc1 Nd5 13. Bg5 Nf6 14. Re1 Rdf8 15. Bh4 e3 16. Rxe3 Ng4 17. Re2 Nd4 18. Re4 Nf5 19. Rxg4 Nxh4 20. Rxh4 Rxf2 21. b3 Rxg2 22. Kb2 h6 23. Re1 Rf8 24. Ne4 Rf5 25. h3 Rh2 26. Rg4 g5 27. Rg3 b6 28. Rge3 Kd8 29. a4 a5 30. Rd1+ Kc8 31. Rc3 Re5 32. Nd6+ Kb8 33. Nb5 Rc5 34. Rxc5 bxc5 35. Rd3 h5 36. Re3 Kb7 37. Na3 Rg2 38. Nc4 g4 39. hxg4 hxg4 40. Rxe6 g3 41. Nxa5+ Kc8 42. Rg6 Kd7 43. Nc4 Kc8 44. a5 Kb7 45. Ne5 Ka7 46.
Kc3 Rg1 47. Nd3 1-0

[Event "Late-Titled-Tuesday-Blitz-September-26-2023"]
[Site "Chess.com"]
[Date "2023.09.26"]
[Round "4"]
[White "TheMagician"]
[Black "sergeikim"]
[Result "0-1"]
[WhiteElo "2258"]
[BlackElo "2613"]
[TimeControl "180+1"]
[EndTime "14:38:21 PDT"]
[Termination "sergeikim won on time"]

1. a3 Nf6 2. c4 g6 3. b4 Bg7 4. Bb2 O-O 5. e3 d6 6. Nf3 e5 7. Be2 e4 8. Nd4 Re8 9. Nc2 Nc6 10. O-O Ne5 11. Bxe5 Rxe5 12. Nc3 c6 13. f3 Re8 14. Rb1 Bf5 15. g4 exf3 16. gxf5 fxe2 17.
Qxe2 Ne4 18. Nxe4 Rxe4 19. d3 Qg5+ 20. Kh1 Rg4 21. e4 Re8 22. Ne3 Rh4 23. Rg1 Qh5 24.
Qxh5 Rxh5 25. Rg3 Be5 26. Rg2 Rh4 27. Rf1 Kg7 28. Rf3 Rf4 29. Rxf4 Bxf4 30. Nc2 Kf6 31. fxg6 hxg6 32. Rf2 g5 33. Ne3 Ke5 34. Nc2 Rh8 35. Re2 c5 36. bxc5 dxc5 37. a4 Rh3 38. Ne1 Kd4 39. Kg1 Re3 40. Kf2 Rxe2+ 41. Kxe2 Kc3 42. h3 Kb4 43. Ng2 Be5 44. Kf3 Kxa4 45. Kg4 f6 46.
h4 gxh4 47. Nxh4 Kb3 48. Kf5 a5 49. Nf3 Bc3 0-1

[Event "Late-Titled-Tuesday-Blitz-September-26-2023"]
[Site "Chess.com"]
[Date "2023.09.26"]
[Round "4"]
[White "vanyakuba"]
[Black "Alex_Banzea"]
[Result "0-1"]
[WhiteElo "2380"]
[BlackElo "2626"]
[TimeControl "180+1"]
[EndTime "14:38:21 PDT"]
[Termination "Alex_Banzea won by resignation"]

1. e4 c6 2. d4 d5 3. exd5 cxd5 4. c4 Nf6 5. Nc3 Nc6 6. Bg5 Be6 7. a3 g6 8. Bxf6 exf6 9. b4 Bg7 10. b5 Ne7 11. c5 O-O 12. Nf3 Qa5 13. Qd2 Bh6 14.
Qb2 Bg4 15. Be2 Bxf3 16. Bxf3 Nf5 17. Rd1 Rfe8+ 18. Kf1 Nh4 19. Bxd5 Rad8 20. Bxb7 Qc7 21. Bc6 Re6 22. d5 Re5 23. d6 Qc8 24. Nd5 Bg7 25.
Ne7+ Rxe7 26. dxe7 Rxd1+ 27. Ke2 Rd7 28. Bxd7 Qxd7 29.
Re1 Qxe7+ 30. Kf1 Qxc5 31. Qb3 Nf5 32. a4 Bf8 33. Qd3 Kg7 34. g3 Qb4 35. Re2 Qxa4 36. Kg2 h5 37. Re4 Qa5 38. Rf4 Qb6 39. Re4 Qb7 40. f3 Bc5 41. g4 hxg4 42. fxg4 Nd6 43. Kf3 Nxe4 44. Qxe4 Qxe4+ 45. Kxe4 Bb6 0-1

[Event "Late-Titled-Tuesday-Blitz-September-26-2023"]
[Site "Chess.com"]
[Date "2023.09.26"]
[Round "4"]
[White "bylavochka"]
[Black "Rainbow2014"]
[Result "1-0"]
[WhiteElo "2242"]
[BlackElo "2438"]
[TimeControl "180+1"]
[EndTime "14:38:21 PDT"]
[Termination "bylavochka won by checkmate"]

1. e4 c5 2. Nf3 e6 3. d4 cxd4 4. Nxd4 a6 5. Bd3 Bc5 6. Nb3 Be7 7. O-O d6 8. Nc3 Nc6 9. Be3 Nf6 10. Kh1 Ne5 11.
f4 Neg4 12. Bg1 h5 13. Be2 Qc7 14. a4 Bd7 15. a5 Bc6 16. Bf3 Qd7 17. Nd4 Rc8 18.
Nxc6 bxc6 19. Na4 Rb8 20. Nb6 Qc7 21. Qe2 Qb7 22. e5 dxe5 23. fxe5 Nd5 24. Bxg4 hxg4 25.
Qxg4 O-O 26. Rf3 Qc7 27. Nc4 Rb4 28. b3 Qd7 29. Raf1 f5 30. Qg6 Rxc4 31. bxc4 Nb4 32. Rg3 Rf7 33. Rh3 Rf8 34. Qh5 Nxc2 35. Rd1 Qc8 36. Qg6 Bb4 37. Rh7 Rf7 38. Rd3 Bc3 39. Rdh3 Kf8 40. Rh8+ Ke7 41. Rxc8 Nd4 42. Qg5+ Kd7 43.
Qd8# 1-0

[Event "Late-Titled-Tuesday-Blitz-September-26-2023"]
[Site "Chess.com"]
[Date "2023.09.26"]
[Round "4"]
[White "JonasGallasch"]
[Black "Djager97"]
[Result "1-0"]
[WhiteElo "2446"]
[BlackElo "2570"]
[TimeControl "180+1"]
[EndTime "14:38:24 PDT"]
[Termination "JonasGallasch won by checkmate"]

1. d4 d5 2. c4 e6 3. Nc3 c6 4. e4 Bb4 5. cxd5 exd5 6. e5 Ne7 7. Bd3 c5 8. Nf3 Nbc6 9. O-O cxd4 10. Nb5 O-O 11.
Nbxd4 Ng6 12. Bg5 Be7 13. Bxe7 Qxe7 14. Re1 Bg4 15. Nxc6 bxc6 16. h3 Be6 17. Rc1 c5 18. Qd2 a5 19. Ng5 Rfc8 20. f4 Qd7 21. Rf1 Bf5 22.
Bxf5 Qxf5 23. g4 Qd7 24. Ne4 h5 25. Nd6 hxg4 26. Nxc8 Rxc8 27. hxg4 Qxg4+ 28. Qg2 Qf5 29. Qg3 Rc6 30. Rf2 d4 31. Re1 Nf8 32. Qf3 c4 33.
Qxc6 Ne6 34. Qe4 Qg4+ 35. Rg2 Qh3 36. f5 Nc5 37. Qg4 Qd3 38. Qxg7# 1-0

[Event "Late-Titled-Tuesday-Blitz-September-26-2023"]
[Site "Chess.com"]
[Date "2023.09.26"]
[Round "4"]
[White "wild3000"]
[Black "TatjanaVasilevich"]
[Result "0-1"]
[WhiteElo "2331"]
[BlackElo "2556"]
[TimeControl "180+1"]
[EndTime "14:38:24 PDT"]
[Termination "TatjanaVasilevich won on time"]

1. g3 Nf6 2. Bg2 e6 3. d4 d5 4.
c3 Bd6 5. Nf3 O-O 6. O-O c5 7.
Nbd2 b6 8. Re1 Bb7 9. Ne5 Qc7 10. Ndf3 Ne4 11. Be3 f6 12. Nd3 c4 13. Nf4 Qf7 14.
Nd2 Nxd2 15. Bxd2 f5 16. e3 Nd7 17. b3 b5 18. a4 a6 19. Bc1 Nf6 20. Ba3 Bxa3 21.
Rxa3 Qe7 22. Ra2 Bc6 23. bxc4 bxc4 24. Qc2 Rab8 25. Rb1 g5 26. Ne2 Qd7 27. a5 Ba4 28. Qc1 Bb3 29. Rab2 Qa4 30. e4 h6 31. exf5 exf5 32.
h4 Nh7 33. Bxd5+ Kg7 34. hxg5 hxg5 35. Kg2 Qxa5 36. Bxc4 Bxc4 37. Rxb8 Rxb8 38. Rxb8 Qd5+ 39. Kg1 Bxe2 40. Qa3 Qe4 41. Qd6 Bf3 42. Qe5+ Qxe5 43. dxe5 Nf8 44. Rb6 a5 45. Ra6 Kf7 46. Rxa5 Ne6 47.
Kf1 Be4 48. Ke2 f4 49. f3 Bc6 50. gxf4 Nxf4+ 51. Ke3 Ne6 52. Ra6 Bd5 53. Ra7+ Kg6 54. Ra4 Kf5 55. c4 Bc6 56. Ra5 Nf4 57. Rc5 Bd7 58.
Rc7 Ke6 59. Ke4 Ba4 60. Rc8 Bc2+ 61. Ke3 Kxe5 62. c5 Nd5+ 63. Kf2 Bf5 64. Rg8 Kf6 65.
c6 Ne7 66. Rf8+ Kg7 67. Ra8 Nxc6 68. Ra6 Ne7 69. Ra7 Kf6 70. Ra5 Ng6 71. Kg3 Be6 72.
Ra6 Nf4 73. Ra4 Ng6 74. Ra5 Ne5 75. Ra4 Nf7 76. Ra5 Nh6 77. Kf2 Nf5 78. Rb5 Bf7 79.
Rb6+ Kg7 0-1

[Event "Late-Titled-Tuesday-Blitz-September-26-2023"]
[Site "Chess.com"]
[Date "2023.09.26"]
[Round "4"]
[White "GAO"]
[Black "JG-17"]
[Result "0-1"]
[WhiteElo "2337"]
[BlackElo "2508"]
[TimeControl "180+1"]
[EndTime "14:38:24 PDT"]
[Termination "JG-17 won by checkmate"]

1. Nf3 Nf6 2. d4 b6 3. Bf4 Bb7 4. e3 e6 5. Bd3 c5 6. c3 Nc6 7.
Nbd2 Be7 8. O-O Nh5 9. Be5 Nxe5 10. Nxe5 Nf6 11. f4 O-O 12. Qe2 d6 13. Ng4 Rc8 14. e4 cxd4 15. cxd4 Nxg4 16. Qxg4 e5 17. fxe5 dxe5 18. d5 Bc5+ 19. Kh1 Qd6 20. Nc4 Qe7 21. Rf3 b5 22. Na5 Ba8 23. Bxb5 Bd4 24. Bc6 Qb4 25. Bxa8 Qxa5 26. Bc6 Bxb2 27. Raf1 Rcd8 28. Rg3 g6 29.
Qg5 f6 30. Qh6 Qc7 31. h4 Qg7 32. Qd2 Bd4 33. h5 Rb8 34. Rb3 Rxb3 35. axb3 gxh5 36. d6 Rc8 37. Bd5+ Kh8 38. Qe2 Qg5 39. Qf3 Kg7 40. Qh3 Rd8 41. d7 a5 42. Qe6 Qh4+ 43. Qh3 Qxh3+ 44.
gxh3 Rxd7 45. Rc1 h4 46. Kg2 Ra7 47. Kf3 a4 48. bxa4 Rxa4 49. Rc7+ Kg6 50. Bg8 Ra3+ 51.
Kg4 h5+ 52. Kxh4 Bf2# 0-1

[Event "Late-Titled-Tuesday-Blitz-September-26-2023"]
[Site "Chess.com"]
[Date "2023.09.26"]
[Round "4"]
[White "Aariow"]
[Black "AEMEffi"]
[Result "0-1"]
[WhiteElo "2549"]
[BlackElo "2370"]
[TimeControl "180+1"]
[EndTime "14:38:25 PDT"]
[Termination "AEMEffi won by checkmate"]

1. d4 d5 2. c4 c6 3. Nc3 Nf6 4. e3 a6 5. a4 e6 6. Nf3 c5 7. Bd3 Nc6 8. O-O Be7 9. b3 O-O 10. Bb2 Nb4 11. Be2 b6 12. Ne5 Bb7 13. Bf3 cxd4 14.
exd4 Nd7 15. Ng4 Nf6 16. Ne5 Nd7 17. Qe2 Nxe5 18. dxe5 Qc7 19. cxd5 exd5 20. Rac1 Qd7 21. Rfd1 Rfd8 22. Ba3 d4 23. Bxb7 Qxb7 24. Ne4 d3 25. Qg4 h5 26. Qf3 Qd5 27. Qf5 g6 28. Qf4 Qe6 29. Rc7 Nd5 30. Rxe7 Nxf4 31. Rxe6 Nxe6 32. Nd6 Nc5 33. Bxc5 bxc5 34. Rxd3 Rab8 35. Rc3 Rb6 36. Rxc5 Rxb3 37. f4 Rb4 38. Ra5 Rxf4 39. Rxa6 f6 40.
Nb5 Rd1# 0-1

[Event "Late-Titled-Tuesday-Blitz-September-26-2023"]
[Site "Chess.com"]
[Date "2023.09.26"]
[Round "4"]
[White "Giorno"]
[Black "laskakid"]
[Result "1/2-1/2"]
[WhiteElo "2495"]
[BlackElo "2326"]
[TimeControl "180+1"]
[EndTime "14:38:25 PDT"]
[Termination "Game drawn by repetition"]

1. Nf3 Nf6 2. g3 g6 3. Bg2 Bg7 4. O-O O-O 5. b3 c5 6. Bb2 Nc6 7.
c4 d5 8. cxd5 Nxd5 9. Bxg7 Kxg7 10. Qc1 Qd6 11. Qb2+ f6 12. Nc3 e5 13. Rac1 Nxc3 14.
dxc3 Be6 15. Rfd1 Qe7 16. Nd2 Rac8 17. h3 Rfd8 18. e3 Rd7 19. Ne4 b6 20. Qe2 Nd8 21.
Rxd7 Qxd7 22. Rd1 Qe7 23. Qb5 Nf7 24. Qa6 g5 25. c4 h5 26. Nc3 h4 27. g4 Rd8 28. Rxd8 Nxd8 29. Nb5 Qd7 30. Qxa7 Nf7 31. Qc7 Qd1+ 32. Bf1 Bxg4 33. hxg4 Qxg4+ 34. Kh2 Qf3 35. Kg1 Qg4+ 36. Bg2 h3 37. Qb7 hxg2 38. Qxg2 Qd1+ 39. Kh2 Qh5+ 40. Kg1 Qd1+ 41. Qf1 Qg4+ 42. Kh1 Qh5+ 43. Kg1 Qg4+ 44. Qg2 Qd1+ 1/2-1/2

[Event "Late-Titled-Tuesday-Blitz-September-26-2023"]
[Site "Chess.com"]
[Date "2023.09.26"]
[Round "4"]
[White "GothamChess"]
[Black "jcibarra"]
[Result "0-1"]
[WhiteElo "2713"]
[BlackElo "2947"]
[TimeControl "180+1"]
[EndTime "14:38:26 PDT"]
[Termination "jcibarra won by resignation"]

1. e4 c5 2. Nc3 Nc6 3. Bb5 Nd4 4. Nf3 e6 5. O-O a6 6. Bd3 Nc6 7. Nd5 d6 8. Ne3 Nf6 9. c3 d5 10. exd5 Nxd5 11. Nxd5 Qxd5 12. Qe2 Be7 13. Be4 Qd6 14. d4 cxd4 15. Bxc6+ Qxc6 16. Nxd4 Qc7 17. Re1 O-O 18. Qf3 Bd6 19. h3 b5 20. Bg5 Bb7 21. Qg4 Kh8 22. Rad1 Rae8 23. Rd3 f6 24. Bc1 f5 25. Qh4 e5 26.
Nb3 e4 27. Rdd1 f4 28. Nd4 Bc8 29. Qg5 Re5 30. Qh4 Be7 31. Qxf4 Rxf4 32. Bxf4 Bd6 33. Nf3 exf3 34. Bxe5 Bxe5 35. Rxe5 h6 36. Re8+ Kh7 37. Re3 fxg2 38. Kxg2 Bb7+ 39. Kg1 Qf7 40. Rd4 Qxa2 41. b4 Qb1+ 42. Kh2 Qh1+ 43. Kg3 Qg2+ 0-1

[Event "Late-Titled-Tuesday-Blitz-September-26-2023"]
[Site "Chess.com"]
[Date "2023.09.26"]
[Round "4"]
[White "cthake"]
[Black "Botvinnak"]
[Result "0-1"]
[WhiteElo "1898"]
[BlackElo "2305"]
[TimeControl "180+1"]
[EndTime "14:38:27 PDT"]
[Termination "Botvinnak won by resignation"]

1. e4 c5 2. Nf3 g6 3. d4 Bg7 4. c4 cxd4 5. Nxd4 Nc6 6. Be3 Nf6 7. Nc3 Ng4 8. Nxc6 Nxe3 9. Nxd8 Nxd1 10. Rxd1 Kxd8 11.
g3 Bxc3+ 12. bxc3 Kc7 13. Bg2 d6 14. O-O Be6 15. Rd4 g5 16. Rb1 Rab8 17. Bf1 h5 18. f3 h4 19. g4 Rhc8 20. h3 b6 21. Kf2 Rb7 22. Ke3 Kb8 23. Bg2 Rc5 24. Bf1 Rbc7 25. Rb4 Kb7 26. Be2 Ra5 27. a4 Bd7 28. Rd5 Rcc5 29. Bd1 Bc6 30. Rd3 Bd7 31. Rd4 Kc7 32.
Rd3 Rc6 33. Rd4 Rac5 34. Be2 Kb7 35. Rd5 Be6 36. Rxc5 Rxc5 37. Kd4 Ra5 38. Bd1 f6 39. Bb3 Kc6 40. Bc2 Kc7 41. Bb3 Rc5 42. Ba2 Bd7 43.
Bb3 a5 44. Rb5 Bxb5 45. cxb5 Kd7 46. Bd5 e6 47. Bc6+ Rxc6 48. bxc6+ Kxc6 49. c4 Kd7 50. Kd3 Kc7 51. Ke3 Kc6 52. f4 Kc5 53. e5 dxe5 54. fxe5 f5 55. gxf5 exf5 56. e6 Kd6 57. Kd4 g4 58.
hxg4 fxg4 59. Ke4 h3 60. Ke3 h2 61. Kf2 h1=Q 0-1

[Event "Late-Titled-Tuesday-Blitz-September-26-2023"]
[Site "Chess.com"]
[Date "2023.09.26"]
[Round "4"]
[White "sergoy"]
[Black "fyall777"]
[Result "1-0"]
[WhiteElo "2947"]
[BlackElo "2564"]
[TimeControl "180+1"]
[EndTime "14:38:29 PDT"]
[Termination "sergoy won on time"]

1. d4 Nf6 2. c4 g6 3. Nc3 d5 4. cxd5 Nxd5 5. e4 Nxc3 6. bxc3 c5 7. Nf3 Bg7 8. Be3 cxd4 9. cxd4 Nc6 10. Be2 O-O 11.
O-O Bg4 12. d5 Bxf3 13. Bxf3 Na5 14. Rc1 Qd7 15. Bg4 f5 16. exf5 gxf5 17. Bf3 Qd6 18. Bc5 Qf6 19. Bb4 b6 20. d6 Rad8 21. d7 Qh4 22. a3 Bf6 23. Qd5+ Kh8 24. Qxf5 Nb3 25.
Rc8 Nd4 26. Qe4 Nxf3+ 27. Qxf3 Rxc8 28. dxc8=Q Rxc8 29. g3 Qh3 30. Qb7 a5 31. Bd2 Qe6 32. Be3 Rc6 33. Rd1 Kg7 34. Qb8 Qb3 35. Re1 Qxa3 36.
h4 Qb4 37. Rd1 Rd6 38. Rc1 h5 39. Rc8 Qb1+ 40. Kh2 Qb3 41. Rh8 Kg6 42. Qe8+ Kf5 43. Rxh5+ Ke6 44. Qg8+ Kd7 45. Qxb3 1-0

[Event "Late-Titled-Tuesday-Blitz-September-26-2023"]
[Site "Chess.com"]
[Date "2023.09.26"]
[Round "4"]
[White "Mariia89"]
[Black "jinxy2009"]
[Result "0-1"]
[WhiteElo "2077"]
[BlackElo "2301"]
[TimeControl "180+1"]
[EndTime "14:38:29 PDT"]
[Termination "jinxy2009 won on time"]

1. d4 Nf6 2. Nf3 d5 3. c4 e6 4. a3 Be7 5. Nc3 O-O 6. Bf4 Nbd7 7.
e3 c6 8. Bd3 dxc4 9. Bxc4 b5 10. Bd3 Bb7 11. O-O a6 12. e4 c5 13. e5 Nd5 14.
Bg3 cxd4 15. Nxd4 Nxc3 16. bxc3 Rc8 17. Rc1 Nc5 18. Bb1 Qd5 19. f3 Rfd8 20. Qc2 g6 21.
Rfe1 Na4 22. Qd2 Bxa3 23. Rc2 Qd7 24. Bf2 Be7 25. Qh6 Bf8 26. Qe3 Bg7 27. Ba2 Bd5 28. Bb1 Rc7 29. Ree2 Rdc8 30. Be1 Rc5 31. h4 Qc7 32. h5 Nxc3 33. Bxc3 Rxc3 34. h6 Rxe3 35. Rxc7 Rxc7 36. Rxe3 Rc1+ 37. Kh2 Bxh6 38. Ra3 Rxb1 39. Rxa6 Bf4+ 40. Kh3 h5 41. g3 Bxe5 42. Ne2 Bxf3 0-1

[Event "Late-Titled-Tuesday-Blitz-September-26-2023"]
[Site "Chess.com"]
[Date "2023.09.26"]
[Round "4"]
[White "hansen"]
[Black "Alexei_Gubajdullin"]
[Result "0-1"]
[WhiteElo "2925"]
[BlackElo "2706"]
[TimeControl "180+1"]
[EndTime "14:38:31 PDT"]
[Termination "Alexei_Gubajdullin won by resignation"]

1. c4 Nf6 2. Nc3 g6 3. d4 Bg7 4. e4 O-O 5. h4 d6 6. Be2 h5 7. Nh3 Bxh3 8. Rxh3 Nc6 9. Be3 e5 10. d5 Nd4 11. Bxd4 exd4 12. Qxd4 Re8 13. Qd3 Nd7 14. Qc2 Nc5 15. f3 c6 16. O-O-O a5 17. Kb1 a4 18. a3 Ra6 19. Na2 Rb6 20. Nb4 Qf6 21. g3 Na6 22.
Nd3 Nc5 23. Nb4 Na6 24. Nd3 Rb3 25. Rd2 cxd5 26. cxd5 Nc5 27. e5 Qf5 28. Nxc5 Qxh3 29.
Nxb3 axb3 30. Qxb3 Bxe5 31. f4 Bf6 32. Qf3 Qh2 33. Ka2 Qg1 34. Rc2 Qe1 35. Bb5 Re3 36. Qf2 Qxf2 37. Rxf2 Rxg3 38. f5 Bxh4 39. fxg6 fxg6 40.
Re2 Kg7 41. Be8 Bf6 42. b4 h4 43. Bd7 g5 44. Re6 g4 45. Rxd6 h3 46. Rb6 h2 47. Rxb7 h1=Q 0-1

[Event "Late-Titled-Tuesday-Blitz-September-26-2023"]
[Site "Chess.com"]
[Date "2023.09.26"]
[Round "4"]
[White "MeisterJabo"]
[Black "IMRosen"]
[Result "0-1"]
[WhiteElo "2321"]
[BlackElo "2554"]
[TimeControl "180+1"]
[EndTime "14:38:31 PDT"]
[Termination "IMRosen won by checkmate"]

1. e4 c5 2. Nf3 Nc6 3. d4 cxd4 4. Nxd4 g6 5. c4 Nf6 6. Nc3 d6 7. Be2 Nxd4 8. Qxd4 Bg7 9. Be3 O-O 10. Qd2 a5 11. f3 a4 12. g4 Be6 13. h4 Qa5 14. h5 a3 15. Bd4 axb2 16. Qxb2 Rfc8 17. hxg6 hxg6 18. Kf1 Bxc4 19. Nd5 Bxe2+ 20. Kxe2 Nxd5 21. Bxg7 Nf4+ 22. Ke3 f6 23. Bxf6 exf6 24. Kxf4 Qe5+ 25. Qxe5 dxe5+ 26. Kg3 Ra3 27. Rac1 Rac3 28. Rxc3 Rxc3 29. Rb1 Rc7 30. Rb6 Kf7 31. g5 f5 32. exf5 gxf5 33.
Kh4 f4 34. Kg4 Re7 35. Kf5 Kg7 36. Rb5 e4 37. fxe4 f3 38. Rb2 f2 39. g6 f1=Q+ 40. Kg5 Qc1+ 41. Kf5 Qxb2 42. e5 Qxe5+ 43. Kg4 Rd7 44.
a4 Rd4+ 45. Kf3 Qc5 46. Kf2 Qc3 47. Kf1 Rd2 48. a5 Qc1# 0-1

[Event "Late-Titled-Tuesday-Blitz-September-26-2023"]
[Site "Chess.com"]
[Date "2023.09.26"]
[Round "4"]
[White "alexrustemov"]
[Black "valemava"]
[Result "1-0"]
[WhiteElo "2871"]
[BlackElo "2402"]
[TimeControl "180+1"]
[EndTime "14:38:31 PDT"]
[Termination "alexrustemov won by checkmate"]

1. d4 c6 2. c4 b5 3. c5 d5 4. Bf4 Bf5 5. e3 e6 6. Nf3 Nf6 7. h3 Nbd7 8. Be2 h6 9. O-O Be7 10. a4 a6 11. b4 g5 12. Bg3 Ne4 13. Bh2 Bg6 14. Ne5 Nxe5 15. Bxe5 f6 16. Bh2 f5 17. f3 Nf6 18. Nc3 O-O 19. Qd2 Kh7 20.
axb5 axb5 21. Ra2 Qd7 22. Rfa1 Qb7 23. Be5 Nd7 24. Bg3 Bf6 25. Bd6 Rfe8 26. f4 Bg7 27. Kh2 Nf6 28. Bd3 Ne4 29. Bxe4 fxe4 30. fxg5 hxg5 31.
Qf2 Bf5 32. Qg3 Bf6 33. Be5 Be7 34. Nd1 Rxa2 35. Rxa2 Ra8 36. Rxa8 Qxa8 37. h4 Qa1 38. Nf2 Qe1 39. hxg5 Kg6 40. Bf4 Qe2 41. Qh4 Qh5 42. g3 Bf8 43. Kg1 Qe2 44. Qh8 Bg7 45. Qe8+ Kh7 46. Qf7 Qe1+ 47. Kg2 Bg6 48. Qe7 Qxb4 49. Be5 Qe1 50. Qxg7# 1-0